 Dungeon Crawl Stone Soup version 0.31-a0-435-g2c6fae2916 (webtiles) character file.

Game seed: 2336667552406231477

13 floatRand the Shield-Bearer (level 2, 24/24 HPs)
             Began as a Formicid Fighter on Aug 1, 2023.
             Quit the game on level 1 of the Dungeon.
             The game lasted 00:00:29 (377 turns).

floatRand the Shield-Bearer (Formicid Fighter)       Turns: 377, Time: 00:00:29

Health: 24/24      AC:  6    Str: 20    XL:     2   Next: 50%
Magic:  2/2        EV:  9    Int:  7    God:
Gold:   46         SH:  5    Dex: 13    Spells: 1/1 levels left

rFire   . . .        a - +0 flail
rCold   . . .        c - +0 buckler
rNeg    . . .        b - +0 scale mail
rPois   .            (helmet unavailable)
rElec   .            (no cloak)
rCorr   .            (no gloves)
SInv    +            (no boots)
Will    .....        (no amulet) Stlth
                     (no ring)
HPRegen 0.24/turn    (no ring)
MPRegen 0.08/turn

%: no passive effects
@: no status effects
A: permanent stasis, dig shafts and tunnels, antennae 3, four strong arms
a: Dig, Shaft Self


You were on level 1 of the Dungeon.
You visited 1 branch of the dungeon, and saw 1 of its levels.

You collected 46 gold pieces.

Inventory:

Hand Weapons
 a - a +0 flail (weapon)
Armour
 b - a +0 scale mail (worn)
 c - a +0 buckler (worn)
Scrolls
 f - a scroll of enchant weapon {unknown}
 g - a scroll of teleportation {unknown}
 h - 2 scrolls of identify {unknown}
 j - a scroll of immolation {unknown}
Potions
 d - a potion of might
 e - a potion of curing {unknown}
 i - a potion of mutation {unknown}


   Skills:
 + Level 3.5 Fighting
 + Level 2.2 Maces & Flails
 + Level 3.5 Armour
 + Level 4.2 Shields


You had one spell level left.
You didn't know any spells.
Your spell library contained the following spells:

 Spells                   Type           Power      Damage    Failure   Level
 Magic Dart               Conj           0%         1d3       85%         1
 Call Imp                 Summ           0%         N/A       94%         2
 Mephitic Cloud           Conj/Pois/Air  0%         N/A       99%         3


Dungeon Overview and Level Annotations

Branches:
Dungeon (1/15)

Altars:


Innate Abilities, Weirdness & Mutations

You cannot be hasted, slowed, berserked, paralysed or teleported.
You can dig through walls and to a lower floor.
You have a pair of large antennae on your head. (SInv)
Your four strong arms can wield two-handed weapons with a shield.


Message History

The kobold hits you with a +0 dagger.
You sock the kobold!
You kill the kobold!
No target in view!
No target in view!
You now have 34 gold pieces (gained 10).
Things that are here:
a +0 dagger; a kobold corpse You now have 46 gold pieces (gained 12).
i - a murky pink potion You sense a monster nearby.
h - 2 scrolls labelled JYNAOT VYCELA (gained 1)
A rat comes into view.
A rat is nearby!
A rat is nearby!
A rat is nearby!
You sock the rat!
You kill the rat!
A rat comes into view.
A rat is nearby!
A rat is nearby!
A rat is nearby!
Found a scroll labelled MIPSAR SORAO.
A goblin comes into view. It is wielding a +1 dagger of venom.
The goblin shouts!
The rat bites you but does no damage.
You barely miss the rat. The rat barely misses you.
Unknown command.
You sock the rat!
You kill the rat!
Unknown command.
You hit the goblin.
You kill the goblin!
No target in view!
No target in view!
Things that are here:
a +1 dagger of venom; a goblin corpse No target in view!
j - a scroll labelled MIPSAR SORAO Are you sure you want to abandon this character and quit the game? (Confirm with "yes".)

#.# #.# #####
#######.# #...#
#.......# #...#
#.......####...#
#####.).....#.......
#...........#.#####.
#...........#.#####.
#..@........#.#.....
#.....#####.#.#.....
#.....#####.#.#.....
#.....................
###.....#####.#.######
####### #.#.......
#.######..
................ {
###.###.######..


There were no monsters in sight!

Vanquished Creatures
  A bat (D:1)
  An endoplasm (D:1)
  2 giant cockroaches (D:1)
  A goblin (D:1)
  A hobgoblin (D:1)
  A quokka (D:1)
  A ball python (D:1)
  A kobold (D:1)
  3 rats (D:1)
12 creatures vanquished.

Notes
Turn   | Place    | Note
-------+----------+-------------------------------------------
     0 | D:1      | floatRand the Formicid Fighter began the quest for the Orb.
     0 | D:1      | Reached XP level 1. HP: 18/18 MP: 1/1
   249 | D:1      | Reached XP level 2. HP: 24/24 MP: 2/2
   377 | D:1      | Quit the game

Illustrated notes

Levels and vault maps discovered:
D:1:      dpeg_arrival_simpleton_c, layout_basic, minmay_misc_feat_roman,
          nicolae_shop_unique_rings, grunt_decor_arrowhead

Action                     || total
---------------------------++-------
  Melee: Flail             ||    26
 Armour: Scale mail        ||    12
  Dodge: Dodged            ||    15
  Block: Buckler           ||     7

Table legend: (Time is in decaauts)
 A = Elapsed time spent in this place.
 B = Non-inter-level travel time spent in this place.
 C = Inter-level travel time spent in this place.
 D = Time resting spent in this place.
 E = Time spent auto-exploring this place.
 F = Levels seen in this place.
 G = Mean time per level.
                   A        B        C        D        E       F      G
               +--------+--------+--------+--------+--------+-----+--------+
         Total |    385 |    385 |      0 |      0 |    266 |   1 |  385.0 |
       Dungeon |    385 |    385 |      0 |      0 |    266 |   1 |  385.0 |
               +--------+--------+--------+--------+--------+-----+--------+

Top non-repeatable levels by time:
     D:1: 385 daAuts
